 Dungeon Crawl Stone Soup version 0.28.0-1-gb440e238dd (webtiles) character file.

Game seed: 7158062774900966192

3 spaghetti the Charlatan (level 1, 10/18 HPs)
             Began as a Deep Dwarf Artificer on Feb 20, 2022.
             Quit the game on level 1 of the Dungeon.
             The game lasted 00:00:11 (83 turns).

spaghetti the Charlatan (Deep Dwarf Artificer)        Turns: 83, Time: 00:00:11

Health: 10/18      AC:  3    Str: 15    XL:     1   Next: 41%
Magic:  1/1        EV: 11    Int: 11    God:
Gold:   9          SH:  0    Dex: 13    Spells: 0/0 levels left

rFire   . . .      SeeInvis .   a - +0 club
rCold   . . .      Faith    .   (no shield)
rNeg    . . .      Spirit   .   b - +0 leather armour
rPois   .          Reflect  .   (no helmet)
rElec   .          Harm     .   (no cloak)
rCorr   .          Rampage  .   (no gloves)
Will    .....                   (no boots)
Stlth   +.........              (no amulet)
HPRegen 0.00/turn               (no ring)
MPRegen 0.07/turn               (no ring)

@: no status effects
A: damage resistance, heal wounds, sense surroundings 1, no regeneration
a: Heal Wounds


You were on level 1 of the Dungeon.
You visited 1 branch of the dungeon, and saw 1 of its levels.

You collected 9 gold pieces.

Inventory:

Hand Weapons
 a - a +0 club (weapon)
Armour
 b - a +0 leather armour (worn)
Jewellery
 f - a ring of positive energy
Wands
 c - a wand of flame (15) (quivered)
 d - a wand of charming (15)
Potions
 g - a potion of haste {unknown}
Miscellaneous
 e - a piece from Xom's chessboard (15/15)


   Skills:
 + Level 1.3 Fighting
 - Level 2.1 Armour
 - Level 1.1 Dodging
 - Level 1.2 Stealth
 - Level 4.0 Evocations


You couldn't memorise any spells.
You didn't know any spells.
Your spell library was empty.

Dungeon Overview and Level Annotations

Branches:
Dungeon (1/15)

Altars:


Innate Abilities, Weirdness & Mutations

You are resistant to damage.
You can heal yourself by infusing magical energy.
You passively map a small area around you.
You do not regenerate.


Message History

You now have 9 gold pieces.
You open the door.
A rat comes into view.
A rat is nearby!
There is an open door here.
The rat bites you.
You barely miss the rat. The rat bites you but does no damage.
You barely miss the rat. Your punch misses the rat. The rat barely misses you.
The rat closely misses you.
You barely miss the rat. The rat barely misses you.
You hit the rat.
The rat is severely wounded.
The rat barely misses you.
You hit the rat but do no damage.
The rat is severely wounded.
The rat bites you.
You barely miss the rat.
The rat is severely wounded.
The rat closely misses you. The rat barely misses you.
You closely miss the rat.
The rat is moderately wounded.
The rat bites you but does no damage.
You barely miss the rat.
The rat is moderately wounded.
The rat bites you.
A rat is nearby!
A rat is nearby!
A rat is nearby!
You closely miss the rat.
The rat is moderately wounded.
The rat bites you but does no damage. The rat barely misses you.
You hit the rat.
You kill the rat!
A ball python comes into view.
The ball python hisses angrily.
A quokka comes into view.
A frilled lizard comes into view.
You see here a rat corpse.
The frilled lizard hisses angrily.
A ball python comes into view.
Are you sure you want to abandon this character and quit the game? (Confirm with "yes".)

..........# , ..........#
, ..........# *
..........# * *
..........# ########* #,,
....#.....# ##......##..
###......###........... ,
...........##.......#...
...........'..†.@S......
,,
##.........##.##........
*#.##......##.##........
*
...##......##.##..l.....
, , ##
#.......##.##....r... *
...#.......##.##....S...
...........##.##........
, ,
..##.......##.##........,
, .....#'##### ,


You could see a quokka, 2 ball pythons and a frilled lizard.

Vanquished Creatures
  A giant cockroach (D:1)
  A quokka (D:1)
  A rat (D:1)
3 creatures vanquished.

Notes
Turn   | Place    | Note
-------+----------+-------------------------------------------
     0 | D:1      | spaghetti the Deep Dwarf Artificer began the quest for the
                  | Orb.
     0 | D:1      | Reached XP level 1. HP: 16/16 MP: 1/1
    54 | D:1      | Reached skill level 1 in Fighting
    83 | D:1      | Quit the game

Illustrated notes

Levels and vault maps discovered:
D:1:      wander_arrival_peaceful_grave, layout_basic, minmay_gold_behind_fungi

Skill      XL: |  1 |
---------------+----+-----
Fighting       | 1 |  1.3
Armour         | |  2.1
Dodging        | |  1.1
Stealth        | |  1.2
Evocations     | |  4.0

Action                   || total
-------------------------++-------
Melee: Club              ||    21
Armor: Leather armour    ||     4
Dodge: Dodged            ||    14
